 Dungeon Crawl Stone Soup version 0.31-a0-167-g1c394c0614 (webtiles) character file.

Game seed: 662117907705936898

767 qw the Skirmisher (level 7, -12/44 HPs)
             Began as a Gargoyle Hunter on June 14, 2023.
             Mangled by an ice beast (13 damage)
             ... on level 6 of the Dungeon.
             The game lasted 00:01:23 (3363 turns).

qw the Skirmisher (Gargoyle Hunter)                 Turns: 3363, Time: 00:01:24

Health: -12/44     AC: 10    Str: 14    XL:     7   Next: 82%
Magic:  7/7        EV: 11    Int: 10    God:
Gold:   295        SH:  0    Dex: 15    Spells: 6/6 levels left

rFire   . . .        Y - +1 shortbow
rCold   . . .        (shield currently unavailable)
rNeg    + . .        m - +0 ring mail
rPois   inf          (no helmet)
rElec   +            (no cloak)
rCorr   +            (no gloves)
SInv    .            (no boots)
Will    .....        (no amulet)
Stlth   +            b - ring of resist corrosion
HPRegen 0.27/turn    (no ring)
MPRegen 0.10/turn

%: no passive effects
@: no status effects
A: sickness immunity, AC +4, negative energy resistance 1, electricity
resistance, torment resistance 1, petrification resistance
a: no special abilities


You were on level 6 of the Dungeon.
You visited 1 branch of the dungeon, and saw 6 of its levels.

You collected 295 gold pieces.


Innate Abilities, Weirdness & Mutations

You are immune to sickness and miasma.
Your stone body is resilient. (AC +4)
You are immune to poison.
You resist negative energy. (rN+)
You are resistant to electric shocks. (rElec)
You are resistant to unholy torment.
You are immune to petrification.


   Skills:
 + Level 4.8 Fighting
 - Level 8.2 Ranged Weapons
 - Level 1.1 Armour
 - Level 2.0 Dodging
 - Level 1.1 Stealth


You had 6 spell levels left.
You didn't know any spells.
Your spell library was empty.

Inventory:

Hand Weapons
 Y - a +1 shortbow (weapon)
Armour
 m - a +0 ring mail (worn)
Jewellery
 b - a ring of resist corrosion (left hand)
 c - a +6 ring of dexterity
 k - a ring of ice
Scrolls
 i - 2 scrolls of identify
Potions
 a - a potion of curing
 e - a potion of heal wounds
 f - a potion of might {unknown}
 g - a potion of degeneration {unknown}
 h - a potion of magic {unknown}
 j - 2 potions of haste {unknown}
 l - a potion of enlightenment {unknown}

Dungeon Overview and Level Annotations

Branches:
Dungeon (5/15)
 Temple: D:4-7

Altars:
Dithmenos
Hepliaklqana
Kikubaaqudgha
Qazlal
Sif Muna
Yredelemnul

Annotations:
D:2 1 runed translucent door, Crazy Yiuf
D:3 1 runed translucent door, qw's ghost, amateur GrHu
D:4 2 transporters


Message History

Found an escape hatch in the ceiling.
You see here a +0 robe.
Found a robe.
A sourceless malevolence fills the Dungeon...
You fall into a shaft and drop 1 floor!
The shaft crumbles and collapses.
You hear the sound of rushing water.
There is an entrance to a sewer on this level.
Hurry and find it before the portal rusts away!
You now have 295 gold pieces (gained 6).
c - a +6 ring of dexterity Waypoint 5 assigned to D:6.
3345 ||| PLANNING SEWER
i - 2 scrolls of identify (gained 1)
An ogre comes into view. It is wielding a +0 giant club.
You shoot an arrow. The arrow hits the ogre.
The ogre shouts!
The ogre is lightly wounded.
An ice beast comes into view.
You shoot an arrow. The arrow hits the ogre.
The ogre is moderately wounded.
You shoot an arrow. The arrow hits the ogre.
The ogre is moderately wounded.
You shoot an arrow. The arrow hits the ogre!
The ogre is heavily wounded.
You shoot an arrow. The arrow barely misses the ogre.
You shoot an arrow. The arrow hits the ogre!
The ogre is severely wounded.
You shoot an arrow. The arrow hits the ogre.
The ogre is severely wounded.
The ogre closely misses you.
You shoot an arrow. The arrow hits the ogre.
The ogre is severely wounded.
The ice beast hits you. The ice beast freezes you!
The ogre hits you with a +0 giant club!
You shoot an arrow. The arrow hits the ogre!
You kill the ogre!
The ice beast closely misses you.
You shoot an arrow. The arrow closely misses the ice beast.
The ice beast hits you. The ice beast freezes you! The ice beast hits you.
The ice beast freezes you!
You die...

.. ### ... #.. ....
#.# ....# ##.#
.....# #####..#
......#####.....#
......Y.#.......#
......)@........###
###...............##
##..##########...#
### ##..# ##.# ##.#
######..# #.......#
...###....#


You could see an ice beast.

Vanquished Creatures
  Sigmund (D:4)
  An ogre (D:6)
  A phantom (D:4)
  A kobold brigand (D:3)
  A scorpion (D:3)
  A sleepcap (D:4)
  Natasha (thrice) (D:2)
  2 iguanas
  An orc wizard (D:4)
  A gnoll (D:1)
  5 adders
  3 worms
  2 dart slugs
  8 orcs
  6 endoplasms
  2 giant cockroaches
  7 goblins
  5 hobgoblins
  3 jackals (D:1)
  9 kobolds
  A quokka (D:4)
  9 ball pythons
  3 bats (D:2)
  5 frilled lizards
  3 rats
84 creatures vanquished.

Notes
Turn   | Place    | Note
-------+----------+-------------------------------------------
     0 | D:1      | qw the Gargoyle Hunter began the quest for the Orb.
     0 | D:1      | Reached XP level 1. HP: 12/12 MP: 1/1
     0 | D:1      | 0 ||| qw: Version: 0.2-a-29-g1fa15c8
     0 | D:1      | 0 ||| qw: Game counter: 4983
     0 | D:1      | 0 ||| qw: Always use a shield: true
     0 | D:1      | 0 ||| qw: God list: Okawaru
     0 | D:1      | 0 ||| qw: Allow faded altars: false
     0 | D:1      | 0 ||| qw: Do Orc after D:15 true
     0 | D:1      | 0 ||| qw: Do second Lair branch before Depths: true
     0 | D:1      | 0 ||| qw: Lair rune preference: random
     0 | D:1      | 0 ||| qw: Plans: Normal, Zot:1-4, Slime:5, God:TSO, Crypt,
                  | Tomb, Abyss, Pan, Hells, Win
     0 | D:1      | 0 ||| PLANNING D:1-11
   153 | D:1      | Reached XP level 2. HP: 17/17 MP: 2/2
   214 | D:1      | Reached XP level 3. HP: 21/21 MP: 3/3
   226 | D:1      | Reached skill level 5 in Ranged Weapons
   561 | D:1      | 561 ||| READING scroll labelled KAUNOR GEPA.
   562 | D:1      | 562 ||| READING scroll labelled YXAIMM POLA.
   563 | D:1      | 563 ||| READING scroll labelled ZAULIT TATA.
   567 | D:1      | 567 ||| DROPPING scroll of butterflies.
   715 | D:2      | Found a runed translucent door.
   716 | D:2      | Noticed Crazy Yiuf
   772 | D:2      | Reached skill level 3 in Fighting
   827 | D:2      | Reached XP level 4. HP: 28/28 MP: 4/4
   888 | D:2      | Noticed Natasha
   896 | D:2      | Killed Natasha
   930 | D:2      | Found a stormy altar of Qazlal.
  1087 | D:2      | Noticed Natasha
  1098 | D:2      | HP: 2/28 [Natasha (7)]
  1099 | D:2      | 1099 ||| READING 2 scrolls of teleportation.
  1102 | D:2      | 1102 ||| READING scroll of teleportation.
  1312 | D:2      | Killed Natasha
  1313 | D:2      | Reached XP level 5. HP: 32/32 MP: 5/5
  1343 | D:2      | Noticed Natasha
  1357 | D:2      | Killed Natasha
  1358 | D:2      | Reached skill level 6 in Ranged Weapons
  1638 | D:2      | 1638 ||| UPGRADING to ring of resist corrosion.
  1639 | D:2      | 1639 ||| READING scroll labelled WEEVITO XORO.
  1640 | D:2      | 1640 ||| DRINKING 2 brown potions.
  1662 | D:3      | Noticed a kobold brigand
  1668 | D:3      | Killed a kobold brigand
  1715 | D:3      | Reached XP level 6. HP: 38/38 MP: 6/6
  1740 | D:3      | Found a stormy altar of Qazlal.
  1740 | D:3      | Found a hazy altar of Hepliaklqana.
  1790 | D:3      | Found a faded altar of an unknown god.
  1856 | D:3      | Found a runed translucent door.
  1856 | D:3      | Noticed qw's ghost (amateur GrHu)
  2031 | D:3      | Found a basalt altar of Yredelemnul.
  2205 | D:3      | Found a shimmering blue altar of Sif Muna.
  2388 | D:3      | 2388 ||| READING scroll labelled EDUIGGEMASM.
  2389 | D:3      | 2389 ||| READING 2 scrolls labelled DAYDGH ZIGHOIN.
  2490 | D:3      | 2490 ||| READING scroll labelled TIELEYDEKK.
  2491 | D:3      | 2491 ||| DRINKING 2 purple potions.
  2492 | D:3      | 2492 ||| DROPPING scroll of silence.
  2508 | D:4      | 2508 ||| STAIRDANCE
  2600 | D:4      | Reached skill level 7 in Ranged Weapons
  2646 | D:4      | Found a shadowy altar of Dithmenos.
  2782 | D:4      | Reached XP level 7. HP: 37/43 MP: 7/7
  2806 | D:4      | Noticed Sigmund
  2825 | D:4      | HP: 7/43 [something/puff of flame (9)]
  2826 | D:4      | Killed Sigmund
  2827 | D:4      | Reached skill level 8 in Ranged Weapons
  2965 | D:4      | Found a transporter.
  3059 | D:4      | Found a transporter.
  3196 | D:4      | 3196 ||| UPGRADING to +0 ring mail.
  3206 | D:4      | 3206 ||| DROPPING +0 leather armour.
  3207 | D:4      | 3207 ||| READING scroll labelled WEROUM ARPHIO.
  3208 | D:4      | 3208 ||| READING 2 scrolls of identify.
  3208 | D:4      | 3208 ||| IDENTIFYING bubbling blue potion
  3209 | D:4      | 3209 ||| DROPPING potion of invisibility.
  3238 | D:5      | Entered Level 5 of the Dungeon
  3252 | D:5      | Found an ancient bone altar of Kikubaaqudgha.
  3267 | D:5      | Reached skill level 1 in Armour
  3331 | D:5      | You fall into a shaft and drop 1 floor!
  3345 | D:6      | 3345 ||| PLANNING SEWER
  3363 | D:6      | HP: 4/44 [ice beast (9)]
  3363 | D:6      | HP: 1/44 [ice beast (3)]
  3363 | D:6      | Mangled by an ice beast

Levels and vault maps discovered:
D:1:      dpeg_arrival_court, layout_rooms, chequers_serial_rivers_small_a,
          minmay_liquid_box, serial_bayou_pond_d
D:2:      layout_basic, basic_altar, minmay_circle_x, uniq_natasha,
          uniq_crazy_yiuf_cottage
D:3:      layout_basic, nicolae_sif_muna_condensation,
          mainiacjoe_overflow_chevrons,
          chequers_temple_overflow_statue_of_worship, gammafunk_ghost_grave,
          hellmonk_ecumenical_altar_leap_of_faith
D:4:      gammafunk_steamed_eel, layout_rooms, lemuel_tele_altar, uniq_sigmund
D:5:      layout_basic, lemuel_round_altar, minmay_temple_entry_wispy, uniq_ijyb
D:6:      layout_layer_cave, gup_sewer_entry_bubbles, serial_shops,
          nicolae_shop_behind_doors, minmay_crossroads

Skill      XL: |  1  2  3  4  5  6  7 |
---------------+----------------------+-----
Ranged Weapons | 5 6 7 8 |  8.2
Fighting       | 3 4 |  4.8
Dodging        | 2 |  2.0
Armour         | 1 |  1.1
Stealth        | |  1.1

Action                     |  1- 3 |  4- 6 |  7- 9 || total
---------------------------+-------+-------+-------++-------
   Fire: Shortbow          |   102 |   189 |    40 ||   331
    Use: Scroll            |     3 |     6 |     2 ||    11
         Potion            |       |     2 |       ||     2
 Armour: Leather armour    |    12 |    37 |     2 ||    51
  Dodge: Dodged            |    28 |    52 |     4 ||    84

Table legend:
 A = Non-vault XP
 B = Vault XP
 C = Vault XP percentage of total XP
 D = Non-vault monster count
 E = Vault monster count
 F = Vault count percentage of total count
                 A         B        C        D         E       F
            +---------+---------+-------+---------+---------+-------
      Total |     818 |     279 |  25.4 |      79 |       5 |   6.0
            +---------+---------+-------+---------+---------+-------
        D:1 |      44 |       0 |   0.0 |      18 |       0 |   0.0
        D:2 |     121 |      53 |  30.5 |      25 |       4 |  13.8
        D:3 |     265 |       0 |   0.0 |      19 |       0 |   0.0
        D:4 |     225 |     226 |  50.1 |      15 |       1 |   6.2
        D:5 |      36 |       0 |   0.0 |       1 |       0 |   0.0
        D:6 |     127 |       0 |   0.0 |       1 |       0 |   0.0
            +---------+---------+-------+---------+---------+-------
